 Dungeon Sprint DCSS version 0.30-a0-269-gf0224bf7b6 (webtiles) character file.

Game seed: 4231847355323697154

5690 fingers the Fighter (level 10, -27/162 HPs)
             Began as an Armataur Berserker on Oct 14, 2022.
             Was the Champion of Trog.
             Annihilated by a large abomination (28 damage)
             ... in the Dungeon (Sprint V: "Ziggurat Sprint").
             The game lasted 00:05:12 (805 turns).

fingers the Fighter (Armataur Berserker)             Turns: 805, Time: 00:05:13

Health: -27/162    AC: 19    Str: 39      XL:     10   Next: 47%
Magic:  0/10       EV:  2    Int: 11      God:    Trog [******]
Gold:   0          SH: 27    Dex:  8 (9)  Spells: 9/9 levels left

rFire   . . .      SeeInvis .    H - +8 demon blade "Leech" {vamp, Harm Drain rN+}
rCold   . . .      Faith    .    t - +18 shield of the Gong {rElec rN+ Will+ EV-5}
rNeg    + + .      Spirit   +    s - +15 Maxwell's patent armour {-Cast -Tele rElec Will+ rCorr}
rPois   .          Reflect  .    M - +2 helmet {Int+3}
rElec   +          Harm     +    (no cloak)
rCorr   +          Roll     +    (no gloves)
Will    ++...      NoTele   +    (no barding)
Stlth   .......... NoCast   +    F - amulet of guardian spirit
HPRegen 0.47/turn                q - +6 ring of strength
MPRegen 0.12/turn                r - +6 ring of strength

@: berserking, corroded, very quick
A: large, rugged brown scales 3, deformed body, armoured tail, roll, long
tongue, awkward tongue
a: Renounce Religion, Berserk, Trog's Hand, Brothers in Arms


You were in the Dungeon.
You worshipped Trog.
Trog was exalted by your worship.
You visited 1 branch

Inventory:

Hand Weapons
 a - a +0 mace
 H - the +8 demon blade "Leech" (weapon) {vamp, Harm Drain rN+}
   (You found it in the Dungeon)

   It heals its wielder for a portion of the damage dealt every time it strikes
   a living foe.
   rN:        It protects you from negative energy.
   Drain:     It drains your maximum health when unequipped.
   Harm:      It increases damage dealt and taken.
Armour
 b - a +0 animal skin
 s - the +15 Maxwell's patent armour (worn) {-Cast -Tele rElec Will+ rCorr}
   (You found it in the Dungeon)

   rElec:     It insulates you from electricity.
   -Cast:     It prevents spellcasting.
   -Tele:     It prevents most forms of teleportation.
   rCorr:     It protects you from acid and corrosion.
   Will:      It increases your willpower.
 t - the +18 shield of the Gong (worn) {rElec rN+ Will+ EV-5}
   (You found it in the Dungeon)

   It is deafeningly noisy when blocking attacks.
   EV:        It affects your evasion (-5).
   rElec:     It insulates you from electricity.
   rN:        It protects you from negative energy.
   Will:      It increases your willpower.
 M - a +2 helmet of intelligence (worn)
Jewellery
 l - a ring of flight
 m - a +6 ring of dexterity
 n - a +6 ring of dexterity
 o - a +6 ring of intelligence
 p - a +6 ring of intelligence
 q - a +6 ring of strength (left hand)
 r - a +6 ring of strength (right hand)
 C - a ring of see invisible
 E - an amulet of faith
 F - an amulet of guardian spirit (around neck)
 I - the ring of Noahuiq {AC+4 Str+3 Dex+4}
   (You found it in the Dungeon)

   [ring of protection]

   AC:        It affects your AC (+4).
   Str:       It affects your strength (+3).
   Dex:       It affects your dexterity (+4).
 L - a ring of poison resistance
 N - a +6 ring of strength
 O - the ring of Amelioration {Wiz rC- Dex+7 Stlth+}
   (You found it in the Dungeon)

   [ring of wizardry]

   It improves your spell success rate.
   Dex:       It affects your dexterity (+7).
   rC:        It makes you vulnerable to cold.
   Stlth:     It makes you more stealthy.
 P - the ring "Ruaghoadgh" {rF+ rN++}
   (You found it in the Dungeon)

   [ring of protection from fire]

   rF:        It protects you from fire.
   rN:        It greatly protects you from negative energy.
 Q - an amulet of magic regeneration
Wands
 i - a wand of mindburst (7)
 j - a wand of iceblast (7)
 k - a wand of acid (7)
Scrolls
 h - 4 scrolls of blinking
 u - 7 scrolls of fog
 v - 5 scrolls of identify
 w - 2 scrolls of fear
Potions
 c - 10 potions of curing
 d - 10 potions of heal wounds
 e - 6 potions of haste
 f - 7 potions of magic
 g - 3 potions of berserk rage
 x - 2 potions of invisibility
 z - 4 potions of resistance
 B - 5 potions of might
Miscellaneous
 y - a lightning rod (4/4)
 A - a piece from Xom's chessboard (15/15)
 D - a lightning rod (4/4)
 G - a tin of tremorstones (2/2)
 J - a condenser vane
 K - a phantom mirror (inert)
 R - a piece from Xom's chessboard (15/15)


   Skills:
 + Level 13.0 Fighting
 * Level 5.9 Long Blades
 - Level 11.9 Maces & Flails
 + Level 11.1 Armour
 + Level 6.3 Dodging
 + Level 7.5 Shields
 + Level 8.3 Evocations


You had 9 spell levels left.
You didn't know any spells.
Your spell library was empty.

Dungeon Overview and Level Annotations

Branches:
Dungeon (1/1)

Altars:
Ashenzari
Cheibriados
Dithmenos
Elyvilon
Fedhas
Gozag
Hepliaklqana
Kikubaaqudgha
Makhleb
Nemelex Xobeh
Okawaru
Qazlal
Ru
Sif Muna
Trog
Uskayaw
Vehumet
Wu Jian
Xom
Yredelemnul
Zin
The Shining One
Jiyva
Lugonu


Innate Abilities, Weirdness & Mutations

You are completely covered in rugged brown scales. (AC +3, +7% HP)
Armour fits poorly on your strangely shaped body.
You have a long armoured tail.
You roll when moving toward enemies. (Rampage)
Your long tongue fully drains potion bottles. (2x potion effects)
Your tongue gives you trouble enunciating. (1.5x scroll delay)


Message History

The large abomination is lightly damaged.
You block the large abomination's attack.
GONNNNG!
You block the ufetubus's attack.
GONNNNG!
You block the ufetubus's attack.
SHROANNG!
The iron imp summons a swarm of flies.
The quasit bites you but does no damage.
The quasit claws you but does no damage. x2
You hit the large abomination but do no damage.
You tail-slap the large abomination!!
The large abomination is heavily damaged.
You block the ufetubus's attack.
PANG!
You block the ufetubus's attack.
PTOANNNG!
The ice beast hits you.
* * * LOW HITPOINT WARNING * * *
The ice beast freezes you!
* * * LOW HITPOINT WARNING * * *
You block the large abomination's attack.
BOUMMMMG!
You block the quasit's attack.
GONNNNG!
The quasit claws you but does no damage.
You block the quasit's attack.
SHROANNG!
You completely miss the large abomination.
The large abomination is heavily damaged.
You block the ufetubus's attack.
GONNNNG!
You block the ufetubus's attack.
SHROANNG!
You block the ice beast's attack.
GONNNNG!
The quasit bites you but does no damage.
The quasit claws you but does no damage. x2
The large abomination hits you!!
You die...

▓..8©8..▓
▓..[=)::..▓...)...▓
▓...[))...▓...):..▓
▓.........▓..†....▓
▓.........▓...†...▓
▓.........▓.......▓
▓.........▓.......▓
▓.▓..55X▓.▓.▓...▓.▓
▓...5Y@...▓...©...▓
▓▓▓▓▓▓▓▓▓▓▓▓▓▓▓▓▓▓▓


You could see a large abomination, an ice beast, an iron imp, a quasit and an
ufetubus.

Vanquished Creatures
  A deep elf sorcerer (D)
  A deep elf archer (D)
  2 deep elf pyromancers (D)
  A deep elf zephyrmancer (D)
  A rust devil (D)
  4 merfolk (D)
  2 wind drakes (D)
  A tarantella (D)
  A water moccasin (D)
  A floating eye (D)
  3 phantoms (D)
  A centaur (D)
  5 scorpions (D)
  A wight (D)
  A crimson imp (D)
  2 jellies (D)
  A quasit (D)
  An adder (D)
  2 adder skeletons (D)
  A bat zombie (D)
  2 ball pythons (D)
  2 ball python zombies (D)
  A quokka zombie (D)
38 creatures vanquished.

Vanquished Creatures (collateral kills)
  A merfolk (D)
  A centaur (D)
2 creatures vanquished.

Grand Total: 40 creatures vanquished

Notes
Turn   | Place    | Note
-------+----------+-------------------------------------------
     0 | D        | fingers the Armataur Berserker began the quest for the Orb.
     0 | D        | Reached XP level 1. HP: 19/19 MP: 1/1
     0 | D        | Found a shimmering blue altar of Sif Muna.
     0 | D        | Found a bloodstained altar of Trog.
     0 | D        | Found a sacrificial altar of Ru.
     0 | D        | Found a stormy altar of Qazlal.
     0 | D        | Found an iron altar of Okawaru.
     5 | D        | Found a sparkling altar of Nemelex Xobeh.
     5 | D        | Found the +7 great mace "Firestarter" {inner flame, rF++}
     5 | D        | Found the +6 shillelagh "Devastator" {shatter}
     5 | D        | Found the +11 plutonium sword {Contam Stlth-}
     5 | D        | Found the +8 lance "Wyrmbane" {slay drac, rPois rF+ rC+
                  | AC+3}
     5 | D        | Found the +9 sword of Zonguldrok {reap}
     5 | D        | Found the +13 scythe of Curses {drain, Drain}
     5 | D        | Found the +5 sword of Power {vorpal}
     5 | D        | Found the +7 mace of Variability {chain chaos}
     5 | D        | Found the +7 Singing Sword {vorpal, sonic wave}
     5 | D        | Found the +8 storm bow {elec, penet}
     5 | D        | Found the +6 Majin-Bo {vamp, MP+6 Int+6}
     5 | D        | Found the +9 heavy crossbow "Sniper" {vorpal, Acc+∞ SInv}
     5 | D        | Found the +10 dark maul {vorpal}
     5 | D        | Found the +15 Maxwell's patent armour {-Cast -Tele rElec
                  | Will+ rCorr}
     5 | D        | Found the +18 shield of the Gong {rElec rN+ Will+ EV-5}
     5 | D        | Found the +14 obsidian axe {vorpal, Mesm Drain Fly SInv}
     8 | D        | Found a corrupted altar of Lugonu.
     8 | D        | Found an ancient bone altar of Kikubaaqudgha.
     8 | D        | Found a burning altar of Makhleb.
     8 | D        | Found a transporter.
     8 | D        | Found a viscous altar of Jiyva.
     8 | D        | Found a hazy altar of Hepliaklqana.
    23 | D        | Found an opulent altar of Gozag.
    25 | D        | Found a blossoming altar of Fedhas.
    68 | D        | Reached skill level 5 in Fighting
    68 | D        | Reached skill level 5 in Maces & Flails
    68 | D        | Reached XP level 2. HP: 31/31 MP: 2/2
    68 | D        | Reached XP level 3. HP: 38/38 MP: 3/3
    98 | D        | Entered arena 2.
    98 | D        | Noticed a merfolk
    98 | D        | Noticed a merfolk
    98 | D        | Found a transporter.
   102 | D        | Killed a merfolk
   103 | D        | Reached skill level 7 in Fighting
   103 | D        | Reached skill level 1 in Evocations
   103 | D        | Reached XP level 4. HP: 13/50 MP: 4/4
   103 | D        | Reached XP level 5. HP: 14/55 MP: 5/5
   105 | D        | Killed a merfolk
   106 | D        | Reached skill level 8 in Fighting
   106 | D        | Reached XP level 6. HP: 18/66 MP: 6/6
   362 | D        | Entered arena 3.
   362 | D        | Noticed a floating eye
   362 | D        | Found a transporter.
   364 | D        | Killed a floating eye
   364 | D        | Reached ** piety under Trog
   365 | D        | Reached XP level 7. HP: 73/73 MP: 7/7
   366 | D        | Reached skill level 9 in Fighting
   366 | D        | Reached skill level 5 in Dodging
   377 | D        | Entered arena 4.
   377 | D        | Found a transporter.
   379 | D        | Reached *** piety under Trog
   384 | D        | Reached skill level 1 in Shields
   391 | D        | Entered arena 5.
   391 | D        | Found a transporter.
   395 | D        | Reached **** piety under Trog
   409 | D        | Entered arena 6.
   409 | D        | Found the +8 demon blade "Leech" {vamp, Harm Drain rN+}
   409 | D        | Noticed a deep elf sorcerer
   409 | D        | Noticed a deep elf zephyrmancer
   409 | D        | Noticed a deep elf pyromancer
   409 | D        | Noticed a deep elf pyromancer
   409 | D        | Noticed a deep elf archer
   409 | D        | Found a transporter.
   410 | D        | Killed a deep elf pyromancer
   410 | D        | Killed a deep elf zephyrmancer
   410 | D        | Reached ***** piety under Trog
   411 | D        | Reached skill level 11 in Fighting
   411 | D        | Reached skill level 10 in Maces & Flails
   411 | D        | Reached skill level 5 in Evocations
   411 | D        | Reached XP level 8. HP: 87/87 MP: 8/8
   411 | D        | Killed a deep elf sorcerer
   411 | D        | Received a gift from Trog
   411 | D        | Killed a deep elf archer
   412 | D        | Reached skill level 12 in Fighting
   412 | D        | Reached skill level 10 in Armour
   412 | D        | Reached XP level 9. HP: 97/97 MP: 9/9
   417 | D        | Killed a deep elf pyromancer
   435 | D        | Got the ring of Noahuiq {AC+4 Str+3 Dex+4}
   638 | D        | Entered arena 7.
   639 | D        | Found a transporter.
   649 | D        | Received a gift from Trog
   650 | D        | Reached skill level 1 in Long Blades
   668 | D        | Entered arena 8.
   670 | D        | Reached ****** piety under Trog
   671 | D        | Reached XP level 10. HP: 107/107 MP: 10/10
   671 | D        | Found a transporter.
   690 | D        | Got the ring of Amelioration {Wiz rC- Dex+7 Stlth+}
   698 | D        | Entered arena 9.
   698 | D        | Found the +6 arbalest "Damnation" {damnation}
   700 | D        | Found a transporter.
   705 | D        | Reached skill level 5 in Shields
   711 | D        | Received a gift from Trog
   716 | D        | Reached skill level 5 in Long Blades
   762 | D        | Got the ring "Ruaghoadgh" {rF+ rN++}
   776 | D        | Entered arena 10.
   776 | D        | Noticed a rust devil
   776 | D        | Noticed a large abomination
   796 | D        | Killed a rust devil
   803 | D        | Reached skill level 13 in Fighting
   804 | D        | HP: 1/162 [ice beast (8)]
   805 | D        | Annihilated by a large abomination

Illustrated notes

Levels and vault maps discovered:
D:        sprint_v [room_start, room_1, room_2, room_3, room_4, room_5, room_6,
          room_7, room_8, room_9, room_10, room_11, room_12, room_13, room_14,
          room_15, room_16, room_17, room_18, room_19, room_20, room_21,
          room_22, room_23, room_24, room_25, room_26, room_27]

Skill      XL: |  1  2  3  4  5  6  7  8  9 10 |
---------------+-------------------------------+-----
Fighting       | 5 7 8 11 12 13 | 13.0
Maces & Flails | 5 7 8 10 11 | 11.9
Armour         | 6 7 8 9 10 11 | 11.1
Dodging        | 3 4 5 6 |  6.3
Evocations     | 1 2 5 7 8 |  8.3
Shields        | 2 3 4 7 |  7.5
Long Blades    | 3 5 |  5.9

Action                   |  1- 3 |  4- 6 |  7- 9 | 10-12 || total
-------------------------+-------+-------+-------+-------++-------
Melee: Mace              |       |       |     9 |       ||     9
       Demon blade       |       |       |    12 |    43 ||    55
       Tailslap          |       |       |     3 |     3 ||     6
Invok: Berserk           |       |       |       |     2 ||     2
       Brothers in Arms  |       |       |       |     1 ||     1
Evoke: Lightning rod     |     4 |     5 |     6 |       ||    15
       Tin of tremorston |       |       |     4 |       ||     4
       Piece from Xom's  |       |       |     1 |     1 ||     2
       Phantom mirror    |       |       |       |     1 ||     1
  Use: Potion            |     1 |       |       |       ||     1
Armor: Plate armour      |     1 |     1 |    19 |    82 ||   103
Dodge: Dodged            |     1 |       |     1 |     6 ||     8
Block: Kite shield       |     3 |     1 |    36 |   130 ||   170

Table legend: (Time is in decaauts)
 A = Elapsed time spent in this place.
 B = Non-inter-level travel time spent in this place.
 C = Inter-level travel time spent in this place.
 D = Time resting spent in this place.
 E = Time spent auto-exploring this place.
 F = Levels seen in this place.
 G = Mean time per level.
                   A        B        C        D        E       F      G
               +--------+--------+--------+--------+--------+-----+--------+
         Total |    813 |    813 |      0 |    487 |      0 |   1 |  813.0 |
       Dungeon |    813 |    813 |      0 |    487 |      0 |   1 |  813.0 |
               +--------+--------+--------+--------+--------+-----+--------+

Top non-repeatable levels by time:
       D: 813 daAuts
